 Dungeon Crawl Stone Soup version 0.32-a0-868-g153ae1a8d6 (webtiles) character file.

Game seed: 2389148329572569871

182 zenocrate the Digger (level 5, -1/34 HPs)
             Began as an Octopode Earth Elementalist on Mar 28, 2024.
             Slain by an orc
             ... wielding a +0 hand axe
              (7 damage)
             ... on level 3 of the Dungeon.
             The game lasted 00:03:07 (2640 turns).

zenocrate the Digger (Octopode Earth Elementalist)  Turns: 2640, Time: 00:03:08

Health: -1/34      AC:  1    Str: 15    XL:     5   Next: 62%
Magic:  6/9        EV: 12    Int: 17    God:
Gold:   90         SH:  0    Dex: 13    Spells: 5/9 levels left

rFire   . .          .
                       - Unarmed
rCold   . . .        (no shield)
rNeg    . . .        (helmet restricted)
rPois   .            (no amulet)
rElec   .            c - +6 ring of strength
rCorr   .            g - +4 ring of slaying
SInv    .            (no ring)
Will    .....        (no ring)
Stlth   +++          (no ring)
HPRegen 0.25/turn    (no ring)
MPRegen 0.11/turn    (no ring)
                     (no ring)

%: no passive effects
@: no status effects
A: almost no armour, amphibious, 8 rings, camouflage 1, gelatinous body 1,
(nimble swimmer 1), tentacles
a: no special abilities


You were on level 3 of the Dungeon.
You visited 1 branch of the dungeon, and saw 3 of its levels.

You collected 90 gold pieces.

Inventory:

Jewellery
 c - a +6 ring of strength (left tentacle)
 g - a +4 ring of slaying (right tentacle)
Talismans
 i - a beast talisman
Scrolls
 d - 2 scrolls of teleportation
 e - 2 scrolls of revelation
 f - a scroll of vulnerability
 h - a scroll of fear
Potions
 a - a potion of magic
 b - a potion of heal wounds


   Skills:
 + Level 2.0 Fighting
 - Level 2.9 Dodging
 - Level 3.0 Stealth
 + Level 1.7 Unarmed Combat
 - Level 2.7 Spellcasting
 - Level 2.0 Conjurations
 - Level 3.6 Earth Magic
 + Level 0.1 Shapeshifting


You had 5 spell levels left.
You knew the following spells:

 Your Spells              Type           Power      Damage    Failure   Level
a - Sandblast             Erth           28%        2d8       4%          1
b - Stone Arrow           Conj/Erth      22%        3d8       17%         3

Your spell library contained the following spells:

 Spells                   Type           Power      Damage    Failure   Level
 Passwall                 Erth           14%        N/A       12%         3
 Call Imp                 Summ           4%         N/A       26%         2
 Sublimation of Blood     Necr           2%         N/A       26%         2
 Hailstorm                Conj/Ice       5%         3d5       34%         3
 Summon Ice Beast         Ice/Summ       2%         N/A       47%         3
 Volatile Blastmotes      Fire/Tloc      4%         2d10      47%         3
 Brom's Barrelling Bould  Conj/Erth      11%        2d3       50%         4
 Petrify                  Alch/Erth      8%         N/A       65%         4
 Vhi's Electric Charge    Tloc/Air       4%         N/A       87%         4
 Bombard                  Conj/Erth      5%         9d2       100%        6
 Permafrost Eruption      Ice/Erth       4%         2x4d3     100%        6
 Sculpt Simulacrum        Ice/Alch       1%         N/A       100%        6
 Summon Hydra             Summ           1%         N/A       100%        7


Dungeon Overview and Level Annotations

Branches:
Dungeon (3/15)

Altars:


Innate Abilities, Weirdness & Mutations

You cannot wear most types of armour.
You are amphibious.
You can wear up to eight rings at the same time.
Your skin changes colour to match your surroundings (Stealth+).
Your rubbery body absorbs attacks. (AC +1, EV +1)
((You are camouflaged when in or above water. (Stealth+)))
You have tentacles for arms and can constrict up to eight enemies at once.


Message History

You constrict the orc, but do no damage.
The orc hits you with a +0 hand axe. The orc misses you.
The orc wizard gestures at you while chanting.
The magic dart hits you.
You tentacle-slap the orc.
You kill the orc!
You constrict the orc, but do no damage.
The orc hits you but does no damage.
Your Fighting skill increases to level 2!
Unknown command.
You tentacle-slap the orc but do no damage.
You squeeze the orc.
The orc is lightly wounded.
You constrict the orc, but do no damage.
The orc hits you with a +0 hand axe!
Unknown command.
You closely miss the orc wizard. You grab the orc wizard.
You constrict the orc, but do no damage.
You constrict the orc wizard.
The orc struggles to escape constriction.
The orc wizard points at you and mumbles some strange words.
You resist with some effort.
Unknown command.
Okay, then.
You tentacle-slap the orc wizard. You squeeze the orc wizard.
The orc wizard is severely wounded.
You constrict the orc. You constrict the orc wizard. The orc barely misses you.
The orc wizard barely misses you. The orc closely misses you.
The orc hits you with a +0 hand axe.
* * * LOW HITPOINT WARNING * * *
Unknown command.
Unknown command.
You completely miss the orc. You grab the orc.
You constrict the orc, but do no damage.
You constrict the orc wizard.
You kill the orc wizard!
You constrict the orc. The orc hits you with a +0 hand axe.
* * * LOW HITPOINT WARNING * * *
The orc closely misses you. The orc hits you with a +0 hand axe!
You die...

##.######.#
#...... #.#
#......
#.######+##
#).....
#.........#
#####..
#.........#
#...#
#.........#
#...#
##......?.#
#...#
#).......#
#...#
#..o@....#
#....
#..o)o...#
#....
#...........#
#....
#........$..#
##...
#...........#
#...
.......######
#### .......
.......


You could see 3 orcs.

Vanquished Creatures
  An orc wizard (D:3)
  7 gnolls (D:2)
  3 adders (D:3)
  A ribbon worm (D:2)
  A dart slug (D:2)
  11 orcs
  7 bats
  3 endoplasms
  5 goblins
  6 hobgoblins
  3 jackals (D:2)
  2 quokkas (D:1)
  8 ball pythons
  8 frilled lizards
  7 kobolds
  5 rats
78 creatures vanquished.

Notes
Turn   | Place    | Note
-------+----------+-------------------------------------------
     0 | D:1      | zenocrate the Octopode Earth Elementalist began the quest
                  | for the Orb.
     0 | D:1      | Reached XP level 1. HP: 11/11 MP: 3/3
   110 | D:1      | Reached XP level 2. HP: 15/17 MP: 5/5
   672 | D:1      | Reached XP level 3. HP: 22/22 MP: 6/6
   790 | D:1      | Learned a level 3 spell: Stone Arrow
   938 | D:2      | Reached skill level 1 in Fighting
  1298 | D:2      | Reached skill level 1 in Unarmed Combat
  1298 | D:2      | Reached XP level 4. HP: 16/28 MP: 7/7
  1431 | D:2      | Reached XP level 5. HP: 13/33 MP: 5/8
  2640 | D:3      | Slain by an orc

Illustrated notes

Levels and vault maps discovered:
D:1:      spicycebolla_arrival_xxxplode, layout_loops_cross, amethyst_killhole,
          chequers_serial_rivers_marsh
D:2:      layout_basic
D:3:      layout_basic

Skill      XL: |  1  2  3  4  5 |
---------------+----------------+-----
Stealth        | 3 |  3.0
Fighting       | 1 2 |  2.0
Unarmed Combat | 1 |  1.7
Conjurations   | 2 |  2.0
Dodging        | |  2.9
Spellcasting   | |  2.7
Earth Magic    | |  3.6
Shapeshifting  | |  0.1

Action                     |  1- 3 |  4- 6 || total
---------------------------+-------+-------++-------
  Melee: Unarmed           |    74 |    62 ||   136
         Constrict         |    28 |    25 ||    53
         Tentacles         |    15 |    17 ||    32
         Punch             |     3 |     3 ||     6
   Cast: Sandblast         |     8 |     9 ||    17
    Use: Scroll            |     3 |     2 ||     5
         Potion            |     1 |       ||     1
   Stab: Sleeping          |     7 |    10 ||    17
 Armour: Skin              |    42 |    36 ||    78
  Dodge: Dodged            |    27 |    42 ||    69

Table legend: (Time is in decaauts)
 A = Elapsed time spent in this place.
 B = Non-inter-level travel time spent in this place.
 C = Inter-level travel time spent in this place.
 D = Time resting spent in this place.
 E = Time spent auto-exploring this place.
 F = Levels seen in this place.
 G = Mean time per level.
                   A        B        C        D        E       F      G
               +--------+--------+--------+--------+--------+-----+--------+
         Total |   2644 |   2580 |     64 |      0 |   2076 |   3 |  881.3 |
       Dungeon |   2644 |   2580 |     64 |      0 |   2076 |   3 |  881.3 |
               +--------+--------+--------+--------+--------+-----+--------+

Top non-repeatable levels by time:
     D:2: 1190 daAuts
     D:1: 825 daAuts
     D:3: 628 daAuts
